 Dungeon Crawl Stone Soup version 0.25-a0-544-gee0576305d (webtiles) character file.

Game seed: 16147843200003962850, levelgen mode: deterministic

25162 drasked the Destroyer (level 12, -10/68 HPs)
             Began as a Deep Elf Wizard on Feb 21, 2020.
             Was an Elder of Vehumet.
             Mangled by a death scarab (18 damage)
             ... in a Gauntlet.
             The game lasted 01:37:49 (24835 turns).

drasked the Destroyer (Deep Elf Wizard)            Turns: 24835, Time: 01:37:49

Health: -10/68     AC:  2    Str:  4    XL:     12   Next: 87%
Magic:  0/28       EV: 18    Int: 32    God:    Vehumet [****..]
Gold:   559        SH:  0    Dex: 13    Spells: 14/31 levels left

rFire    . . .     SeeInvis .   L - staff of summoning {!a!a}
rCold    . . .     Gourm    .   (no shield)
rNeg     . . .     Faith    .   a - +0 robe
rPois    +         Spirit   +   A - -1 helmet of the Depths {Int+3}
rElec    .         Reflect  .   R - scarf {Spirit}
rCorr    .         Harm     .   (no gloves)
MR       ++...     NoTele   +   (no boots)
Stlth    ++........             (no amulet)
HPRegen  0.21/turn              m - ring of protection from magic {MR+, !d}
MPRegen  0.21/turn              P - ring of poison resistance {rPois, !d}

@: slowed, very slow
A: no striking features
a: Renounce Religion


You were in a Gauntlet.
You worshipped Vehumet.
Vehumet was greatly pleased with you.
You were not hungry.

You visited 3 branches of the dungeon, and saw 15 of its levels.
You also visited: Gauntlet.

You collected 734 gold pieces.
You spent 175 gold pieces at shops.

Inventory:

Hand Weapons
 J - a +1 trident of flaming
   (You found it on level 6 of the Dungeon)
Missiles
 v - 2 throwing nets {=f, !d=f}
Armour
 a - a +0 robe (worn)
 b - a +1 hat
 k - a +2 cloak of magic resistance
   (You found it in a Gauntlet)
 A - the -1 helmet of the Depths (worn) {Int+3}
   (You found it in a Gauntlet)

   It affects your intelligence (+3).
   If you remove this armour, your AC will remain unchanged.
 G - a +0 hat of magic resistance {MR+}
   (You found it in a Gauntlet)
 R - a scarf of spirit shield (worn)
   (You found it on level 11 of the Dungeon)
Magical Staves
 L - an uncursed staff of summoning (weapon) {!a!a}
   (You found it on level 9 of the Dungeon)
Jewellery
 m - a ring of protection from magic (left hand) {MR+, !d}
   (You found it on level 9 of the Dungeon)
 o - an uncursed ring of protection from cold {rC+, !d}
   (You found it on level 11 of the Dungeon)
 I - an uncursed ring of protection from cold {rC+, !d}
   (You took it off a kobold on level 3 of the Dungeon)
 P - a ring of poison resistance (right hand) {rPois, !d}
   (You found it on level 1 of the Lair of Beasts)
 S - an uncursed ring of see invisible {sInv, !d}
   (You found it on level 2 of the Dungeon)
Wands
 c - a wand of polymorph (9)
   (You found it on level 10 of the Dungeon)
 g - a wand of enslavement (6)
   (You found it on level 2 of the Dungeon)
 B - a wand of iceblast (15)
   (You took it off Psyche on level 8 of the Dungeon)
 D - a wand of digging (8)
   (You found it on level 4 of the Dungeon)
 H - a wand of acid (5)
   (You found it on level 7 of the Dungeon)
 N - a wand of paralysis (2)
   (You found it on level 6 of the Dungeon)
Scrolls
 d - a scroll of vulnerability {unknown}
 f - a scroll of fog
 i - 2 scrolls of identify
 j - 4 scrolls of enchant weapon
 r - a scroll of fear {unknown}
 t - 4 scrolls of teleportation
 w - 4 scrolls of remove curse
 x - 5 scrolls of enchant armour
 C - 2 scrolls of blinking {unknown}
 E - 2 scrolls of amnesia
 F - a scroll of summoning {unknown}
Potions
 h - a potion of haste
 l - 6 potions of heal wounds
 n - a potion of ambrosia {unknown}
 p - 3 potions of stabbing
 q - 7 potions of curing
 s - a potion of flight {unknown}
 u - 2 potions of brilliance
 y - 3 potions of invisibility
 z - 2 potions of magic
 M - a potion of berserk rage {!q!q}
Miscellaneous
 Q - a fan of gales
   (You found it on level 12 of the Dungeon)
Comestibles
 e - 35 rations


   Skills:
 - Level 5.0 Fighting
 + Level 10.0 Dodging
 - Level 2.4 Stealth
 - Level 10.0 Spellcasting
 - Level 13.3 Conjurations
 + Level 9.7 Summonings
 - Level 1.1 Translocations
 - Level 5.0 Ice Magic
 - Level 5.0 Air Magic
 - Level 2.0 Poison Magic


You had 14 spell levels left.
You knew the following spells:

 Your Spells              Type           Power        Failure   Level  Hunger
a - Magic Dart            Conj           ####         0%          1    None
b - Blink                 Tloc           N/A          3%          2    None
c - Call Imp              Summ           #######.     1%          2    None
d - Summon Ice Beast      Ice/Summ       #######.     1%          4    None
e - Lightning Bolt        Conj/Air       ######....   1%          5    ###....
x - Mephitic Cloud        Conj/Pois/Air  ######..     1%          3    None

Your spell library contained the following spells:

 Spells                   Type           Power        Failure   Level  Hunger
 Stone Arrow              Conj/Erth      ######       1%          3    None
 Freeze                   Ice            ####         1%          1    None
 Shock                    Conj/Air       ####         1%          1    None
 Ensorcelled Hibernation  Hex/Ice        ####..       1%          2    None
 Swiftness                Chrm/Air       ####....     1%          2    None
 Conjure Flame            Conj/Fire      ######..     1%          3    None
 Dazzling Flash           Conj/Hex       ######       1%          3    None
 Frozen Ramparts          Ice            #####.       1%          3    None
 Static Discharge         Conj/Air       ######..     1%          3    None
 Airstrike                Air            #####.....   1%          4    None
 Hailstorm                Conj/Ice       ######..     1%          4    None
 Inner Flame              Hex/Fire       ###.....     2%          3    None
 Animate Skeleton         Necr           N/A          3%          1    None
 Corona                   Hex            ###....      3%          1    None
 Pain                     Necr           ###.         3%          1    None
 Ozocubu's Armour         Chrm/Ice       ####....     3%          3    None
 Slow                     Hex            ###.....     4%          2    None
 Sticks to Snakes         Tmut           ###.....     4%          2    None
 Gell's Gravitas          Tloc           ###.......   6%          3    None
 Spider Form              Tmut/Pois      ###.......   6%          3    None
 Portal Projectile        Hex/Tloc       ###...       8%          3    None
 Confusing Touch          Hex            ###.....     9%          3    None
 Tukima's Dance           Hex            ###.....     9%          3    None
 Vampiric Draining        Necr           ###.......   9%          3    None
 Yara's Violent Unravell  Hex/Tmut       ###.......   21%         5    ###....
 Animate Dead             Necr           N/A          30%         4    None
 Cause Fear               Hex            ###.......   30%         4    None
 Leda's Liquefaction      Hex/Erth       ###.......   30%         4    None
 Petrify                  Tmut/Erth      ###.....     30%         4    None
 Metabolic Englaciation   Hex/Ice        ####......   30%         5    ###....
 Agony                    Necr           ###.....     63%         5    ###....
 Eringya's Noxious Bog    Tmut/Pois      ###.......   97%         6    #####..


Dungeon Overview and Level Annotations

Branches:
Dungeon (13/15)            Temple (1/1) D:5            Lair (1/6) D:9
    Orc (0/2) D:10        Gauntlet (1/1)
 Vaults: D:13-14

Altars:
Ashenzari
Cheibriados
Dithmenos
Elyvilon
Fedhas
Gozag
Hepliaklqana
Kikubaaqudgha
Makhleb
Nemelex Xobeh
Okawaru
Qazlal
Ru
Sif Muna
Trog
Uskayaw
Vehumet
Wu Jian
Xom
Yredelemnul
Zin
The Shining One
Lugonu

Shops:
D:5 =(=:   D:9 ?!%*%

Annotations:
D:7 exclusion: downstairs
D:8 3 runed translucent doors, DEFE's ghost, novice DsWn
D:10 3 runed translucent doors, Pacoig's ghost, novice CeHu
D:11 3 runed translucent doors, EnegeticOcto's ghost, journeyman DDFi
D:12 exclusion: downstairs Gauntlet 11 transporters


Message History

Your crimson imp blinks!
Your ice beast freezes the spectral four-headed hydra.
The spectral four-headed hydra resists.
The spectral four-headed hydra bites your ice beast!
The spectral four-headed hydra barely misses your ice beast.
The spectral four-headed hydra bites your ice beast!
The spectral four-headed hydra barely misses your ice beast.
You see here a glowing cloak.
k - a glowing cloak Your ice beast freezes the spectral four-headed hydra.
The spectral four-headed hydra resists.
Your ice beast freezes the spectral four-headed hydra!
The spectral four-headed hydra resists.
The spectral four-headed hydra bites your ice beast!
The spectral four-headed hydra bites your ice beast but does no damage.
The spectral four-headed hydra barely misses your ice beast.
The spectral four-headed hydra bites your ice beast.
Your ice beast freezes the spectral four-headed hydra!
The spectral four-headed hydra resists.
Your ice beast freezes the spectral four-headed hydra!
The spectral four-headed hydra resists.
The spectral four-headed hydra bites your ice beast!
The spectral four-headed hydra bites your ice beast.
The spectral four-headed hydra bites your ice beast!
Your ice beast dies!
You see here the Grimoire of Transmutation.
You pick up the Grimoire of Transmutation and begin reading...
You add the spells Sticks to Snakes, Spider Form and Eringya's Noxious Bog to your library.
The spectral four-headed hydra bites your ice beast.
The spectral four-headed hydra bites your ice beast! x3
You feel a surge of power!
A beastly little devil appears in a puff of flame.
* * * LOW MAGIC WARNING * * *
Your white imp gestures at the spectral four-headed hydra.
The puff of frost hits the spectral four-headed hydra.
The spectral four-headed hydra resists.
Your ice beast freezes the spectral four-headed hydra!
The spectral four-headed hydra resists.
The spectral four-headed hydra bites your white imp.
The spectral four-headed hydra bites your white imp!
Your white imp dies!
The spectral four-headed hydra is destroyed!
You feel a surge of power! A chill wind blows around you.
* * * LOW MAGIC WARNING * * *
The death scarab bites you. The death scarab drains your vigour!
You feel yourself slow down.
The death scarab draws strength from your injuries!
The death scarab bites you!!
* * * LOW MAGIC WARNING * * *
The death scarab drains your vigour!
You feel as though you will be slow longer.
The death scarab draws strength from your injuries!
The death scarab bites your ice beast!
Your ice beast dies!
Your ice beast freezes the death scarab!!
You swap places.
The death scarab completely misses your crimson imp.
The death scarab bites your ice beast!
The death scarab barely misses your crimson imp.
The death scarab barely misses your ice beast.
There is a transporter here.
The death scarab completely misses your ice beast.
Your crimson imp blinks! x2
You swap places.
The death scarab bites your ice beast!!
The death scarab drains your ice beast's vigour!
Your ice beast seems to slow down.
Your crimson imp blinks!
The death scarab bites your ice beast!
Your ice beast freezes the death scarab!!
The death scarab is destroyed!
Training target 5.0 for Air Magic reached!
Your Dodging skill increases to level 10!
Your Air Magic skill increases to level 5!
You see here 13 bolts.
You start resting.
Your ice beast is no longer moving slowly.
You feel yourself speed up.
You start resting.
Your ice beast disappears in a puff of smoke!
Your crimson imp disappears in a puff of smoke!
The death scarab is too close now for your liking.
You feel a surge of power! A chill wind blows around you.
* * * LOW MAGIC WARNING * * *
Drop what? 43/52 slots (_ for help) (? for menu, Esc to quit)
Okay, then.
You swap places.
The death scarab bites you!
* * * LOW MAGIC WARNING * * *;
* * * LOW HITPOINT WARNING * * *
The death scarab drains your vigour!
You feel yourself slow down.
The death scarab draws strength from your injuries!
Your crimson imp blinks!
The death scarab misses you.
Your crimson imp blinks!
There is a transporter, spattered with blood here.
The death scarab bites you!!
* * * LOW MAGIC WARNING * * *;
* * * LOW HITPOINT WARNING * * *
The death scarab drains your vigour!
You feel as though you will be slow longer.
The death scarab draws strength from your injuries!
The death scarab bites you!!
You die...

#≈§§.....#.#..≈∩§§.#.#.......
###.§§.....#©#..§§§§.#©#.......
#8#..###########...###########.
###..#.......†.#...#Y#..#....#.
#....#...###...#...#Y.#..#..Y#.
###....#...Z#....#...##..#..#YY#.
#8#..###.#.©#..#.#...#.#.P#..#Y##
###..#©#.######.©#...#Y.#.P#©.##©
#..#.#.#..#..#@#...#Y#..#..#.#.
###..#.#....#..s(#...##..#..#..#.
#8#..#.#...###.Y.#...#=.#..#...#.
###..#.#.....5...#...#)#..#....#.
.....#.###########...###########.
.....#.#...........≈...........#.
######.#######....≈8§....#######.
©...........©#.....§.....#©......
##################...############


You could see a dire elephant, 3 elephants, a death scarab, a friendly ice beast
and a friendly crimson imp.

Levels and vault maps discovered:
D:1:      erik_arrival_triangle_large, layout_loops_ring
D:2:      minmay_razor_zed, layout_loops_ring,
          lemuel_zombie_altar_kikubaaqudgha, lemuel_coloured_pillars_altar,
          first_ration, minmay_hedge_maze
D:3:      minmay_octagon_keep, layout_rooms, grunt_dithmenos_smoke_and_mirrors
D:4:      layout_gridville, nicolae_overflow_quartered_altars, tso_metal_star,
          uniq_robin
D:5:      minmay_evil_eye, layout_loops_ring, lemuel_round_altar,
          minmay_temple_entry_statues_pillars, basic_altar,
          minmay_shop_grid_forest, grunt_gozag_statues
D:6:      layout_loops_corners, kb_lookout_dungeons_type
D:7:      layout_loops_corners, vehumet_altar_wand_db, basic_altar
D:8:      layout_loops_cross, ebering_ghost_gozag, uniq_psyche
D:9:      layout_basic, eat_drink_and_be_merry_uskayaw, zin_angel,
          erik_lair_island, basic_altar, serial_shops, shop, shop_statue, shop,
          nicolae_shop_crystal, shop
D:10:     layout_cave_pools, david_orc_3, gammafunk_ghost_necromancy,
          hangedman_ranch [blue_anna_fruit_fields], fedhas_altar_1, uniq_snorg
D:11:     layout_basic, basic_altar, gammafunk_ghost_hydra_chop, serial_glass,
          glass_columns_c, glass_columns_c, evilmike_butchery
D:12:     layout_rooms
D:13:     layout_big_octagon, david_vaults_2, basic_altar, kennysheep_path_1,
          lemuel_flamethrower_3
Temple:   kb_corrupted_temple
Lair:1:   layout_cave_shapes, gauntlet_entry_generic, uniq_maggie, uniq_harold
Gauntlet: gammafunk_gauntlet_branching [gammafunk_gauntlet_arena_teeth,
          gammafunk_gauntlet_arena_split_diamond,
          gammafunk_gauntlet_arena_crates, nicolae_gauntlet_arena_blocks,
          gammafunk_gauntlet_arena_open, gammafunk_gauntlet_arena_chambers,
          nicolae_gauntlet_arena_t_cross, gammafunk_gauntlet_arena_arrow_garden,
          gauntlet_exit_spiral]

Notes
Turn   | Place    | Note
-------+----------+-------------------------------------------
     0 | D:1      | drasked the Deep Elf Wizard began the quest for the Orb.
     0 | D:1      | Reached XP level 1. HP: 10/10 MP: 7/7
    44 | D:1      | Identified a +0 club
   434 | D:1      | Reached XP level 2. HP: 15/15 MP: 6/9
   469 | D:1      | Reached skill level 2 in Conjurations
   538 | D:1      | Reached skill level 5 in Spellcasting
   621 | D:1      | Identified a +0 dagger
   648 | D:1      | Identified a +0 short sword
   740 | D:1      | Identified a +0 short sword
  1046 | D:1      | Identified a +0 club
  1151 | D:2      | Reached XP level 3. HP: 19/19 MP: 6/11
  1237 | D:2      | Identified a +0 club
  1302 | D:2      | Identified a +0 club
  1317 | D:2      | You fall into a shaft and drop 2 floors!
  1677 | D:2      | Found an ancient bone altar of Kikubaaqudgha.
  2009 | D:2      | Identified a +0 dagger
  2070 | D:2      | Identified a +0 club
  2077 | D:2      | Reached skill level 3 in Conjurations
  2077 | D:2      | HP: 3/19 [ball python (2)]
  2079 | D:2      | Reached XP level 4. HP: 4/24 MP: 4/13
  2081 | D:2      | Identified a potion of might
  2082 | D:2      | Identified a potion of cancellation
  2083 | D:2      | Identified a potion of lignification
  2083 | D:2      | HP: 5/36 [poisoned by an adder]
  2091 | D:2      | HP: 4/36 [poisoned by an adder]
  2449 | D:2      | Identified a +0 club
  2833 | D:2      | Found a hazy altar of Hepliaklqana.
  3116 | D:3      | Identified a +0 hand axe
  3119 | D:3      | Reached skill level 6 in Spellcasting
  3122 | D:3      | Identified a +0 hand axe
  3122 | D:3      | Identified a +0 ring mail
  3128 | D:3      | Identified a +0 club
  3134 | D:3      | Identified a +0 dagger
  3134 | D:3      | Identified a +0 robe
  3292 | D:3      | Reached XP level 5. HP: 28/28 MP: 11/15
  3390 | D:3      | Learned a level 2 spell: Blink
  3393 | D:3      | Learned a level 2 spell: Call Imp
  3397 | D:3      | Learned a level 3 spell: Mephitic Cloud
  3428 | D:3      | Identified a +0 dagger
  3428 | D:3      | Identified a +0 scale mail
  3513 | D:3      | Identified a +0 dagger
  3513 | D:3      | Identified a +0 leather armour
  3517 | D:3      | Identified a +0 short sword
  3519 | D:3      | Reached skill level 4 in Conjurations
  3520 | D:3      | Identified a +0 whip
  3520 | D:3      | Identified a +0 chain mail
  3573 | D:3      | Found a shadowy altar of Dithmenos.
  3757 | D:3      | Identified a +0 club
  3766 | D:3      | Identified a cursed -2 dagger
  3847 | D:3      | Identified a +0 mace
  3847 | D:3      | Identified a +0 ring mail
  4232 | D:3      | Identified a +0 dagger
  4245 | D:3      | Identified a +0 club
  4274 | D:3      | Identified a +0 dagger
  4274 | D:3      | Identified an uncursed ring of protection from cold
  4457 | D:4      | Identified a cursed +0 halberd
  4458 | D:4      | Identified a +0 whip
  4458 | D:4      | Identified a +0 flail
  4462 | D:4      | Identified a +0 club
  4462 | D:4      | Identified a +0 leather armour
  4469 | D:4      | Reached skill level 1 in Air Magic
  4469 | D:4      | Reached skill level 1 in Poison Magic
  4498 | D:4      | Reached XP level 6. HP: 21/32 MP: 3/17
  4688 | D:4      | Found a sparkling altar of Nemelex Xobeh.
  4688 | D:4      | Found a bloodstained altar of Trog.
  4689 | D:4      | Found a glowing golden altar of the Shining One.
  4710 | D:4      | Found an opulent altar of Gozag.
  4732 | D:4      | Found a glowing golden altar of the Shining One.
  4755 | D:4      | Identified a +0 trident
  4763 | D:4      | Reached skill level 7 in Spellcasting
  4891 | D:4      | Reached skill level 2 in Poison Magic
  4913 | D:4      | Identified a +0 hand axe
  4913 | D:4      | Identified a cursed +0 ring mail
  5010 | D:4      | Reached skill level 2 in Air Magic
  5116 | D:4      | Identified a +0 flail
  5116 | D:4      | Identified a cursed -2 leather armour
  5215 | D:4      | Identified a cursed +0 hand axe
  5216 | D:4      | Identified a +0 hand axe
  5218 | D:4      | Identified a +0 leather armour
  5222 | D:4      | Identified a +0 war axe
  5223 | D:4      | Identified a +0 short sword
  5307 | D:4      | Identified a +0 dagger
  5307 | D:4      | Identified a +0 dagger
  5313 | D:4      | Identified a +0 dagger
  5389 | D:4      | Identified a +0 mace
  5389 | D:4      | Identified a +0 animal skin
  5389 | D:4      | Identified a +0 helmet
  5389 | D:4      | Noticed Robin
  5399 | D:4      | Killed Robin
  5399 | D:4      | Reached skill level 5 in Conjurations
  5515 | D:4      | Identified a cursed -1 dagger
  5515 | D:4      | Identified a +0 dagger
  5515 | D:4      | Identified a +0 club
  5515 | D:4      | Identified a +0 war axe
  5912 | D:4      | Identified a +0 giant club
  5918 | D:4      | Reached XP level 7. HP: 36/36 MP: 11/19
  5974 | D:5      | Entered Level 5 of the Dungeon
  5981 | D:5      | Reached skill level 6 in Conjurations
  6158 | D:5      | Found a burning altar of Makhleb.
  6356 | D:5      | Found Taowulia's Jewellery Shoppe.
  6356 | D:5      | Found Ose Law's Book Shoppe.
  6357 | D:5      | Found Tihom's Jewellery Shoppe.
  6357 | D:5      | Found Goufuh's Antique Weapon Shoppe.
  6398 | D:5      | Found an opulent altar of Gozag.
  6499 | D:5      | Found a staircase to the Ecumenical Temple.
  6499 | D:5      | Identified a +0 dagger
  6499 | D:5      | Identified a +0 robe
  6508 | D:5      | Identified a +0 dagger
  6508 | D:5      | Identified a +0 robe
  6516 | D:5      | Reached skill level 7 in Conjurations
  6520 | D:5      | Identified a +0 short sword
  6525 | D:5      | Identified a +0 whip
  6525 | D:5      | Identified a +0 scale mail
  6527 | Temple   | Entered the Ecumenical Temple
  6786 | D:5      | Identified a +0 dagger
  6786 | D:5      | Identified a +0 robe
  6997 | D:5      | Identified a +0 hand axe
  6997 | D:5      | Identified a cursed +0 leather armour
  6997 | D:5      | Identified a +0 hand axe
  7029 | D:5      | Identified a cursed -1 club
  7029 | D:5      | Identified a cursed +0 leather armour
  7031 | D:5      | Identified a +0 flail
  7124 | D:5      | Found a white marble altar of Elyvilon.
  7681 | D:6      | Reached skill level 8 in Conjurations
  7715 | D:6      | Identified a +0 spear
  7722 | D:6      | Identified a +0 club
  7722 | D:6      | Identified a +0 leather armour
  7734 | D:6      | Reached XP level 8. HP: 41/41 MP: 4/20
  7872 | D:6      | Identified a +0 whip
  7872 | D:6      | Identified a +0 ring mail
  8065 | D:6      | Identified a +0 war axe
  8070 | D:6      | Identified a +0 dagger
  8070 | D:6      | Identified a +0 robe
  8074 | D:6      | Identified a +0 dagger
  8074 | D:6      | Identified a +0 robe
  8083 | D:6      | Reached skill level 9 in Conjurations
  8579 | D:6      | Identified a +0 shortbow
  8640 | D:6      | Identified 7 scrolls of identify
  8640 | D:6      | Identified 7 potions of curing
  8641 | D:6      | Identified 4 potions of heal wounds
  8642 | D:6      | Identified 3 potions of magic
  8643 | D:6      | Identified 2 potions of degeneration
  8644 | D:6      | Identified 2 potions of brilliance
  8645 | D:6      | Identified a potion of haste
  8646 | D:6      | Identified a potion of stabbing
  9054 | D:6      | Identified a +0 scale mail
  9059 | D:6      | Identified a +0 scale mail
  9063 | D:6      | Identified a +0 hand axe
  9252 | D:6      | Identified a +0 whip
  9252 | D:6      | Identified a +0 leather armour
  9253 | D:6      | Identified a +0 whip
  9323 | D:6      | Identified a +0 mace
  9323 | D:6      | Identified a +0 ring mail
  9333 | D:6      | Reached skill level 10 in Conjurations
  9517 | D:6      | Identified a +0 club
 10217 | D:7      | Reached skill level 11 in Conjurations
 10464 | D:7      | Reached XP level 9. HP: 45/45 MP: 9/21
 10554 | D:7      | Identified a +0 mace
 10554 | D:7      | Identified a +0 robe
 10555 | D:7      | Identified a +4 scimitar
 10555 | D:7      | Identified a +0 robe
 10961 | D:7      | Found a white marble altar of Elyvilon.
 10979 | D:7      | Identified a +0 short sword
 10979 | D:7      | Identified a +0 robe
 10980 | D:7      | Identified a cursed +3 dagger of freezing
 10980 | D:7      | Identified a +0 robe
 11061 | D:7      | Identified a +0 flail
 11061 | D:7      | Identified a +0 leather armour
 11063 | D:7      | Identified a +0 dagger
 11063 | D:7      | Identified a +0 robe
 11063 | D:7      | Identified a +0 hand axe
 11400 | D:7      | Identified a +3 flail
 11400 | D:7      | Identified a +0 robe
 11423 | D:7      | Identified a +0 dagger
 11440 | D:7      | Reached skill level 12 in Conjurations
 11527 | D:6      | Identified a +0 trident of flaming (You found it on level 6
                  | of the Dungeon)
 11532 | D:6      | Identified a ring of see invisible (You found it on level 2
                  | of the Dungeon)
 11534 | D:6      | Identified a ring of strength (You found it on level 7 of
                  | the Dungeon)
 12046 | D:7      | Found a radiant altar of Vehumet.
 12058 | D:7      | Became a worshipper of Vehumet
 12822 | D:8      | Found an opulent altar of Gozag.
 12823 | D:8      | Found a runed translucent gate.
 12823 | D:8      | Found a runed translucent gate.
 12823 | D:8      | Found a runed translucent gate.
 12825 | D:8      | Noticed DEFE's ghost (novice DsWn)
 12888 | D:8      | Identified a +0 great mace
 12888 | D:8      | Identified a +0 great mace
 12888 | D:8      | Noticed a two-headed ogre
 12964 | D:8      | Identified a +3 dagger of chaos
 12964 | D:8      | Identified a cursed -2 robe
 12964 | D:8      | Noticed Psyche
 13046 | D:7      | Identified 4 scrolls of enchant weapon
 13047 | D:7      | Identified 3 scrolls of noise
 13048 | D:7      | Identified 5 scrolls of remove curse
 13049 | D:7      | Identified 4 scrolls of enchant armour
 13050 | D:7      | Identified 3 scrolls of teleportation
 13051 | D:7      | Identified 2 scrolls of magic mapping
 13052 | D:7      | Identified 2 scrolls of amnesia
 13207 | D:8      | Killed Psyche
 13207 | D:8      | Reached skill level 13 in Conjurations
 13626 | D:8      | Killed a two-headed ogre
 13626 | D:8      | Reached skill level 4 in Summonings
 14135 | D:9      | Identified a cursed +3 hand axe
 14135 | D:9      | Identified a cursed +0 robe
 14317 | D:9      | Found Myenarchi's Food Shop.
 14318 | D:9      | Found Passihutao's General Store.
 14348 | D:9      | Found a hide-covered altar of Uskayaw.
 14411 | D:9      | Found Enutz's Food Shop.
 14463 | D:9      | Found a burning altar of Makhleb.
 14500 | D:9      | HP: 7/45 [electric eel/bolt of electricity (16)]
 14533 | D:9      | HP: 10/45 [hound (2)]
 14536 | D:9      | Identified a +0 club
 14536 | D:9      | Identified a +0 leather armour
 14827 | D:9      | Found Buodd's Distillery.
 14832 | D:9      | Bought a potion of mutation for 80 gold pieces
 14832 | D:9      | Bought a potion of heal wounds for 50 gold pieces
 14833 | D:9      | Identified a ring of protection from magic (You found it on
                  | level 9 of the Dungeon)
 14865 | D:9      | Identified a +0 trident
 14865 | D:9      | Identified a +0 robe
 14983 | D:9      | Found a glowing silver altar of Zin.
 14983 | D:9      | Identified a +0 morningstar of holy wrath
 14983 | D:9      | Noticed an angel
 15023 | D:9      | Identified a cursed +0 dagger
 15023 | D:9      | Identified a +0 robe
 15044 | D:9      | Identified a +1 battleaxe
 15044 | D:9      | Identified a +0 robe
 15151 | D:9      | Noticed a troll
 15179 | D:9      | Killed a troll
 15179 | D:9      | Identified a +0 troll leather armour
 15179 | D:9      | Reached skill level 5 in Summonings
 15179 | D:9      | Reached XP level 10. HP: 43/50 MP: 4/22
 15349 | D:9      | Found Ulyffuhiam's Magic Scroll Shop.
 15357 | D:9      | Bought a scroll of fog for 30 gold pieces
 15357 | D:9      | Bought a scroll of random uselessness for 15 gold pieces
 15594 | D:9      | Found a staircase to the Lair.
 15850 | D:10     | Entered Level 10 of the Dungeon
 15850 | D:10     | Found a runed translucent gate.
 15850 | D:10     | Found a runed translucent gate.
 15850 | D:10     | Found a runed translucent gate.
 15850 | D:10     | Noticed a spectral centaur warrior
 15851 | D:10     | Noticed Pacoig's ghost (novice CeHu)
 15894 | D:10     | Identified a +0 trident
 15894 | D:10     | Identified a +0 scale mail
 15894 | D:10     | Identified a +0 flail
 15894 | D:10     | Identified a +0 whip
 15894 | D:10     | Identified a +1 flail of draining
 15894 | D:10     | Identified a +0 flail
 15894 | D:10     | Identified a +0 whip
 16189 | D:10     | Identified a +0 giant spiked club
 16208 | D:10     | Reached skill level 6 in Summonings
 16215 | D:10     | Reached * piety under Vehumet
 16215 | D:10     | Offered knowledge of Sandblast by Vehumet.
 16267 | D:10     | Identified a +0 shortbow
 16452 | D:9      | Reached skill level 8 in Spellcasting
 17309 | D:9      | Reached skill level 1 in Fighting
 17309 | D:9      | Reached skill level 3 in Dodging
 17848 | D:10     | Identified a +0 morningstar
 17932 | D:10     | Found a staircase to the Orcish Mines.
 18008 | D:10     | Reached skill level 2 in Fighting
 18008 | D:10     | Reached skill level 4 in Dodging
 18165 | D:10     | Identified a +0 halberd
 18168 | D:10     | Identified a +0 club
 18168 | D:10     | Identified a +0 chain mail
 18170 | D:10     | Noticed a three-headed hydra
 18171 | D:10     | Reached skill level 9 in Spellcasting
 18312 | D:10     | Got a warped chain mail
 18314 | D:10     | Identified the +4 chain mail "Leledip" {Str+4 Stlth+} (You
                  | found it on level 10 of the Dungeon)
 18915 | D:10     | Noticed Snorg
 19100 | D:9      | Learned a level 4 spell: Summon Ice Beast
 19223 | D:10     | Killed Snorg
 19223 | D:10     | Reached skill level 5 in Dodging
 19223 | D:10     | Reached skill level 1 in Ice Magic
 19350 | D:10     | Killed a three-headed hydra
 19350 | D:10     | Reached skill level 3 in Fighting
 19350 | D:10     | Reached skill level 2 in Ice Magic
 19355 | D:10     | Identified a +0 dagger
 19575 | D:10     | Found a blossoming altar of Fedhas.
 19620 | D:11     | Noticed a manticore
 19628 | D:11     | HP: 12/56 [manticore (12)]
 19628 | D:11     | HP: 5/56 [manticore (7)]
 19974 | D:11     | Identified a +0 giant spiked club
 19974 | D:11     | Identified a +0 dire flail
 19974 | D:11     | Noticed a two-headed ogre
 19980 | D:11     | Killed a two-headed ogre
 19980 | D:11     | Reached XP level 11. HP: 60/60 MP: 7/26
 20093 | D:11     | Noticed a white ugly thing
 20106 | D:11     | Killed a white ugly thing
 20119 | D:11     | Identified a +0 troll leather armour
 20119 | D:11     | Reached skill level 10 in Spellcasting
 20119 | D:11     | Reached skill level 3 in Ice Magic
 20373 | D:11     | Identified a cursed +0 spear
 20373 | D:11     | Identified a +0 robe
 20373 | D:11     | Identified a +3 mace of freezing
 20373 | D:11     | Identified a +0 robe
 20375 | D:11     | Identified a +3 spear of freezing
 20375 | D:11     | Identified a +0 robe
 20376 | D:11     | Identified a +5 long sword
 20376 | D:11     | Identified a +0 robe
 20380 | D:11     | Reached ** piety under Vehumet
 20380 | D:11     | Offered knowledge of Shock by Vehumet.
 20520 | D:11     | Noticed a brown ugly thing
 20522 | D:11     | Noticed a purple ugly thing
 20526 | D:11     | Killed a brown ugly thing
 20526 | D:11     | Reached skill level 6 in Dodging
 20534 | D:11     | Killed a brown ugly thing
 20700 | D:11     | Identified a +0 shortbow
 20704 | D:11     | Identified a +1 shortbow of freezing
 20728 | D:11     | Found an opulent altar of Gozag.
 20729 | D:11     | Identified a cursed -2 shortbow
 20731 | D:11     | Identified a +0 shortbow
 20731 | D:11     | Identified a +0 shortbow
 20732 | D:11     | Identified a +0 shortbow
 20734 | D:11     | Identified a +0 shortbow
 21166 | D:11     | Reached skill level 4 in Fighting
 21178 | D:11     | Reached skill level 4 in Ice Magic
 21346 | D:11     | Found a runed translucent gate.
 21346 | D:11     | Found a runed translucent gate.
 21346 | D:11     | Found a runed translucent gate.
 21347 | D:11     | Noticed a 12-headed hydra
 21347 | D:11     | Noticed EnegeticOcto's ghost (journeyman DDFi)
 21348 | D:11     | Noticed an 11-headed hydra
 21614 | D:12     | Identified a +0 club
 21614 | D:12     | Identified a +0 club
 21614 | D:12     | Identified a +0 leather armour
 21614 | D:12     | Identified a +1 dagger of speed
 21614 | D:12     | Identified a +0 robe
 21618 | D:12     | Identified a +0 dagger of venom
 21618 | D:12     | Identified a +0 robe
 21619 | D:12     | Identified a +0 dagger
 21620 | D:12     | Identified a +0 halberd
 21620 | D:12     | Identified a +0 chain mail
 21628 | D:12     | Identified a +0 dire flail
 21628 | D:12     | Identified a +0 chain mail
 21629 | D:12     | Identified a +0 flail
 21630 | D:12     | Identified a +0 dagger
 21630 | D:12     | Identified a +0 robe
 21635 | D:12     | Identified a +0 giant club
 21636 | D:12     | Identified a +0 dagger
 21636 | D:12     | Identified a cursed +0 robe
 21638 | D:12     | Identified a +0 flail
 21638 | D:12     | Offered knowledge of Searing Ray by Vehumet.
 21836 | D:12     | Identified a cursed -1 short sword
 22014 | D:11     | Identified a scarf of spirit shield (You found it on level
                  | 11 of the Dungeon)
 22228 | D:12     | Identified a +0 troll leather armour
 22256 | D:12     | Identified +0 acid dragon scales
 22256 | D:12     | Identified a +2 dagger of venom
 22439 | D:12     | Reached *** piety under Vehumet
 22576 | D:12     | Identified a +0 club
 22577 | D:12     | Identified a +1 short sword of venom
 22578 | D:12     | Identified a +0 short sword
 22579 | D:12     | Identified a cursed -3 broad axe
 22846 | D:12     | Reached skill level 7 in Summonings
 22850 | D:12     | Reached skill level 7 in Dodging
 22948 | D:12     | Identified a cursed -3 morningstar
 22948 | D:12     | Identified a +0 robe
 22951 | D:12     | Identified a +0 dagger
 22951 | D:12     | Identified a +0 robe
 22951 | D:12     | Noticed a wizard
 22952 | D:12     | Identified a +3 halberd
 22952 | D:12     | Identified a +0 robe
 22960 | D:12     | Identified a +5 flail
 22960 | D:12     | Identified a +0 robe
 22980 | D:12     | Offered knowledge of Stone Arrow by Vehumet.
 23025 | D:12     | Killed a wizard
 23329 | D:13     | Identified a +0 giant spiked club
 23329 | D:13     | Identified a +0 giant spiked club
 23329 | D:13     | Noticed a two-headed ogre
 23329 | D:13     | Identified a +0 flail
 23341 | D:13     | Identified a +0 dagger
 23341 | D:13     | Identified a +0 dagger
 23341 | D:13     | Identified a +0 short sword
 23341 | D:13     | Identified a +0 short sword
 23341 | D:13     | Identified a +0 hand crossbow
 23341 | D:13     | Identified a +0 club
 23341 | D:13     | Identified a cursed -2 giant spiked club
 23341 | D:13     | Identified a +0 giant club
 23341 | D:13     | Noticed a two-headed ogre
 23361 | D:13     | Killed a white ugly thing
 23384 | D:13     | Reached skill level 5 in Ice Magic
 23426 | D:13     | Identified a +0 dagger
 23426 | D:13     | Identified a +0 robe
 23436 | D:13     | Identified a +0 hand axe
 23436 | D:13     | Identified a +0 leather armour
 23439 | D:13     | Identified a +0 dagger
 23439 | D:13     | Identified a +0 leather armour
 23627 | Lair:1   | Entered Level 1 of the Lair of Beasts
 23642 | Lair:1   | Identified a ring of poison resistance (You found it on
                  | level 1 of the Lair of Beasts)
 23660 | Lair:1   | Identified a +1 halberd of flaming
 23660 | Lair:1   | Identified +0 acid dragon scales
 23660 | Lair:1   | Noticed Maggie
 23669 | Lair:1   | Killed Maggie
 23676 | Lair:1   | Found a gate leading to a gauntlet.
 23696 | Lair:1   | Reached **** piety under Vehumet
 23696 | Lair:1   | Reached skill level 5 in Fighting
 23799 | Gauntlet | Entered a Gauntlet
 23799 | Gauntlet | Found a transporter.
 23799 | Gauntlet | Found a transporter.
 23803 | Gauntlet | Found a transporter.
 23812 | Gauntlet | Noticed a large abomination
 23813 | Gauntlet | Found a transporter.
 23822 | Gauntlet | Noticed a death scarab
 23823 | Gauntlet | Found a transporter.
 23823 | Gauntlet | Found a transporter.
 23824 | Gauntlet | Noticed a dire elephant
 23827 | Gauntlet | Noticed a death scarab
 23847 | Gauntlet | Found a transporter.
 23848 | Gauntlet | Noticed a dire elephant
 23864 | Gauntlet | Found a transporter.
 23879 | Gauntlet | Found a transporter.
 23890 | Gauntlet | Found a transporter.
 23899 | Gauntlet | Noticed a death ooze
 23900 | Gauntlet | Found a transporter.
 23941 | Gauntlet | Found a transporter.
 23960 | Gauntlet | Found a transporter.
 23962 | Gauntlet | Noticed a hell hog
 23973 | Gauntlet | Found a transporter.
 24063 | Gauntlet | Found a transporter.
 24066 | Gauntlet | Noticed a fire crab
 24084 | Gauntlet | Found a transporter.
 24343 | Gauntlet | Got a translucent helmet
 24364 | Gauntlet | Identified the -1 helmet of the Depths {Int+3} (You found
                  | it in a Gauntlet)
 24544 | Gauntlet | Killed a dire elephant
 24544 | Gauntlet | Reached skill level 8 in Dodging
 24544 | Gauntlet | Reached skill level 8 in Summonings
 24582 | Gauntlet | Identified a +0 hat of magic resistance (You found it in a
                  | Gauntlet)
 24721 | Gauntlet | Identified a potion of experience
 24722 | Gauntlet | Identified a potion of berserk rage
 24739 | Gauntlet | Learned a level 5 spell: Lightning Bolt
 24740 | Gauntlet | Reached skill level 9 in Dodging
 24740 | Gauntlet | Reached skill level 9 in Summonings
 24740 | Gauntlet | Reached skill level 4 in Air Magic
 24740 | Gauntlet | Reached XP level 12. HP: 68/68 MP: 28/28
 24810 | Gauntlet | Identified the Grimoire of Transmutation
 24818 | Gauntlet | Killed a death scarab
 24818 | Gauntlet | Reached skill level 10 in Dodging
 24818 | Gauntlet | Reached skill level 5 in Air Magic
 24835 | Gauntlet | HP: 8/68 [death scarab (24)]
 24835 | Gauntlet | Mangled by a death scarab

Table legend:
 A = Turns spent in this place as a percentage of turns spent in the entire game.
 B = Non-inter-level travel turns spent in this place as a percentage of non-inter-level travel turns spent in the entire game.
 C = Inter-level travel turns spent in this place as a percentage of turns spent in this place.
 D = Turns resting spent in this place as a percentage of non-inter-level travel turns spent in this place.
 E = Turns spent auto-exploring this place as a percentage of non-inter-level travel turns spent in this place.
 F = Non-inter-level travel turns spent in this place divided by the number of levels of this place that you've seen.
                   A       B       C       D       E      F
               +-------+-------+-------+-------+-------+----------------------
         Total | 100.0 | 100.0 |   5.1 |  48.0 |  31.1 | 1472.9
       Dungeon |  94.3 |  94.0 |   5.3 |  49.8 |  31.2 | 1704.5
        Temple |   0.9 |   0.8 |   9.1 |  50.5 |  46.0 | 200.0
          Lair |   0.7 |   0.7 |   0.6 |  35.7 |   0.0 | 171.0
      Gauntlet |   4.2 |   4.4 |   0.0 |  11.8 |  29.2 | 1036.0
               +-------+-------+-------+-------+-------+----------------------

Table legend:
 A = Kills in this place as a percentage of kills in entire the game.
 B = Kills by you in this place as a percentage of kills by you in the entire game.
 C = Kills by friends in this place as a percentage of kills by friends in the entire game.
 D = Other kills in this place as a percentage of other kills in the entire game.
 E = Experience gained in this place as a percentage of experience gained in the entire game.
 F = Experience gained in this place divided by the number of levels of this place that you have seen.
                   A       B       C       D       E      F
               +-------+-------+-------+-------+-------+----------------------
         Total | 100.0 | 100.0 | 100.0 | 100.0 | 100.0 | 1293.6
       Dungeon |  96.5 | 100.0 |  89.6 | 100.0 |  86.5 | 1377.5
          Lair |   1.2 |   0.0 |   3.7 |   0.0 |   2.9 | 602.0
      Gauntlet |   2.2 |   0.0 |   6.7 |   0.0 |  10.6 | 2188.0
               +-------+-------+-------+-------+-------+----------------------

Skill      XL: |  1  2  3  4  5  6  7  8  9 10 11 12 |
---------------+-------------------------------------+-----
Conjurations   | 2 3 4 5 8 11 13 | 13.3
Spellcasting   | 5 6 7 9 10 | 10.0
Air Magic      | 1 2 4 5 |  5.0
Poison Magic   | 1 2 |  2.0
Summonings     | 5 6 9 |  9.7
Fighting       | 3 5 |  5.0
Dodging        | 5 9 10 | 10.0
Ice Magic      | 2 5 |  5.0
Stealth        | |  2.4
Translocations | |  1.1

Action                   |  1- 3 |  4- 6 |  7- 9 | 10-12 || total
-------------------------+-------+-------+-------+-------++-------
Melee: Dagger            |       |    19 |     5 |       ||    24
       Trident           |       |       |    11 |    19 ||    30
Throw: Javelin           |       |     8 |     6 |       ||    14
 Cast: Magic Dart        |   106 |   185 |   492 |   154 ||   937
       Mephitic Cloud    |       |    11 |    47 |   103 ||   161
       Call Imp          |       |       |    52 |   111 ||   163
       Summon Ice Beast  |       |       |       |    90 ||    90
       Blink             |       |       |       |     3 ||     3
Evoke: Wand              |       |       |       |     3 ||     3
  Use: Potion            |       |     3 |       |     3 ||     6
       Scroll            |       |       |    14 |     5 ||    19
 Stab: Sleeping          |       |     1 |     1 |       ||     2
       Confused          |       |       |     2 |       ||     2
  Eat: Chunk             |     3 |    12 |    17 |    18 ||    50
       Ration            |       |       |     3 |     4 ||     7
Armor: Robe              |     6 |     1 |    15 |    23 ||    45
Dodge: Dodged            |    27 |    19 |    98 |   138 ||   282

Vanquished Creatures
  A two-headed ogre (D:8)
  Psyche (D:8)
  9 yaks
  2 hungry ghosts
  An acid dragon (D:12)
  5 ice beasts
  2 ogres
  2 phantoms
  A centaur (D:6)
  A crocodile (D:10)
  2 big kobolds
  3 bullfrogs
  3 scorpions
  7 wights
  5 killer bees (D:8)
  3 howler monkeys (D:7)
  2 crimson imps
  2 centaur zombies
  5 orc priests
  6 orc wizards
  A bullfrog skeleton (D:5)
  2 gnoll shamans
  A centaur skeleton (D:10)
  6 hounds
  A jelly (D:7)
  8 worker ants
  4 iguanas
  A killer bee zombie (D:6)
  3 hound zombies
  A hound skeleton (D:5)
  Robin (D:4)
  10 gnolls
  16 adders
  A shadow imp (D:6)
  An ooze (D:1)
  An adder skeleton (D:9)
  2 adder zombies (D:9)
  5 worms
  A dart slug (D:3)
  6 leopard geckos
  38 orcs
  3 ball pythons
  A bat zombie (D:2)
  3 giant cockroaches
  15 goblins
  14 hobgoblins
  4 jackals (D:8)
  7 quokkas
  13 bats
  8 frilled lizards
  A jackal skeleton (D:5)
  15 kobolds
  A leopard gecko skeleton (D:6)
  A leopard gecko zombie (D:5)
  A quokka zombie (D:5)
  2 rats
  3 rat zombies (D:2)
265 creatures vanquished.

Vanquished Creatures (collateral kills)
  A dire elephant (Gauntlet)
  Snorg (D:10)
  A hydra (D:10)
  A two-headed ogre (D:11)
  A death scarab (Gauntlet)
  A wizard (D:12)
  A spectral hydra (Gauntlet)
  3 ugly things (D:11)
  A moth of wrath (Gauntlet)
  A cyclops (D:12)
  A manticore (D:11)
  An elephant (Gauntlet)
  A centaur skeleton (D:13)
  Maggie (Lair:1)
  A komodo dragon (Lair:1)
  3 trolls
  3 hornets
  3 slime creatures (D:12)
  2 hippogriffs
  2 dream sheep (D:10)
  A wyvern (D:9)
  A water elemental (D:13)
  15 yaks
  A basilisk (Lair:1)
  3 soldier ants
  3 water moccasins
  2 orc warriors (D:12)
  A necrophage (D:9)
  2 ice beasts
  2 sky beasts
  5 wolves
  An ogre (D:12)
  8 centaurs
  A crocodile (Lair:1)
  3 big kobolds
  A gnoll sergeant (D:9)
  2 scorpions
  A killer bee (D:8)
  9 wights
  2 howler monkeys
  2 electric eels (D:9)
  2 crimson imps
  A bullfrog zombie (D:11)
  6 hounds
  A quasit (D:11)
  3 orc priests
  6 orc wizards
  A bullfrog skeleton (D:12)
  A worker ant (D:12)
  A hound skeleton (D:8)
  3 gnolls
  2 adders
  8 orcs
  A jackal (D:8)
  A quokka (D:11)
  2 kobolds (D:12)
135 creatures vanquished.

Vanquished Creatures (others)
  An ugly thing (D:13)
  An electric eel (D:9)
  A hound (D:8)
  3 fungi (Gauntlet)
  15 plants
21 creatures vanquished.

Grand Total: 421 creatures vanquished
